AA
FARGO-MOORHEAD REDHAWKS @ SIOUX CITY EXPLORERS
07/10/2072
 
TOP OF THE 1ST
Sioux Falls Canaries batting - Pitching for Winnipeg Goldeyes : RHP Ely Gallego
Pitching: RHP Ely Gallego
Batting: RHB Chris Parker 0-0: Called Strike
0-1: Ball
1-1: Ball
2-1: Swinging Strike
2-2: Foul Ball, location: 2F
2-2: Ball
3-2: Ground out 6-3 (Groundball, 6, EV 81.2 MPH)
Batting: RHB Antonio Santiago 0-0: Foul Ball, location: 2F
0-1: Foul Ball, location: 2F
0-2: Fly out, F8 (Flyball, 8RD, EV 92.5 MPH)
Batting: LHB Manny Munoz 0-0: Called Strike
0-1: Ball
1-1: Swinging Strike
1-2: Foul Ball, location: 2F
1-2: Ball
2-2: Foul Ball, location: 2F
2-2: DOUBLE (Line Drive, 7LM, EV 103.1 MPH)
Batting: LHB Julio Trujillo 0-0: Called Strike
0-1: Swinging Strike
0-2: Strikes out swinging
Top of the 1st over - 0 runs, 1 hit, 0 errors, 1 left on base; Sioux Falls 0 - Winnipeg 0
BOTTOM OF THE 1ST
Winnipeg Goldeyes batting - Pitching for Sioux Falls Canaries : RHP Alex Boshers
Pitching: RHP Alex Boshers
Batting: RHB Deane Moore 0-0: Swinging Strike
0-1: Ball
1-1: Ball
2-1: Foul Ball, location: 2F
2-2: Ball
3-2: Fly out, F4 (Flyball, 4D, EV 86.2 MPH)
Batting: RHB Alfonso de la Rosa 0-0: Fly out, F8 (Flyball, 8LS, EV 84.4 MPH)
Batting: LHB David Ortega 0-0: Ball
1-0: Foul Ball, location: 2F
1-1: SINGLE (Groundball, 4MD, EV 85.6 MPH) (infield hit)
Batting: RHB Gene Gorham 0-0: Ball
1-0: Called Strike
1-1: Fly out, F8 (Flyball, 8LM, EV 93.8 MPH)
Bottom of the 1st over - 0 runs, 1 hit, 0 errors, 1 left on base; Sioux Falls 0 - Winnipeg 0
TOP OF THE 2ND
Sioux Falls Canaries batting - Pitching for Winnipeg Goldeyes : RHP Ely Gallego
Batting: RHB Danny Lee 0-0: SOLO HOME RUN (Flyball, 7D, EV 97.5 MPH), Distance : 385 ft
Batting: LHB Mike Norris 0-0: Ball
1-0: Fly out, F8 (Flyball, 8RD, EV 93.8 MPH)
Batting: RHB Enrique Castro 0-0: Ground out 6-3 (Groundball, 6, EV 83.8 MPH)
Batting: RHB Sean Stewart 0-0: Ball
1-0: Ball
2-0: Called Strike
2-1: Ball
3-1: Base on Balls
Batting: SHB Bobby Ozuna 0-0: Foul Ball, location: 2F
Balk!
Sean Stewart to second
0-1: 2-RUN HOME RUN (Flyball, 9D, EV 98.8 MPH), Distance : 367 ft
Batting: RHB Chris Parker 0-0: Called Strike
0-1: Fly out, F8 (Flyball, 8LD, EV 86.9 MPH)
Top of the 2nd over - 3 runs, 2 hits, 0 errors, 0 left on base; Sioux Falls 3 - Winnipeg 0
BOTTOM OF THE 2ND
Winnipeg Goldeyes batting - Pitching for Sioux Falls Canaries : RHP Alex Boshers
Batting: LHB Josh Rush 0-0: Ball
1-0: Ball
2-0: Called Strike
2-1: Ground out 4-3 (Groundball, 4, EV 100.6 MPH)
Batting: RHB Andy Wardle 0-0: Ball
1-0: Called Strike
1-1: Ball
2-1: Ball
3-1: Foul Ball, location: 2F
3-2: Foul Ball, location: 2F
3-2: Base on Balls
Batting: SHB Norman Moffatt 0-0: Called Strike
0-1: Ball
1-1: Grounds into double play, 6-4-3 (Groundball, 6, EV 81.9 MPH)
Bottom of the 2nd over - 0 runs, 0 hits, 0 errors, 0 left on base; Sioux Falls 3 - Winnipeg 0
TOP OF THE 3RD
Sioux Falls Canaries batting - Pitching for Winnipeg Goldeyes : RHP Ely Gallego
Batting: RHB Antonio Santiago 0-0: Fly out, F8 (Flyball, 89M, EV 94.4 MPH)
Batting: LHB Manny Munoz 0-0: SINGLE (Line Drive, 8LS, EV 90.6 MPH)
Batting: LHB Julio Trujillo 0-0: Ball
1-0: Ball
2-0: Called Strike
2-1: Ball
3-1: DOUBLE (Flyball, 8RXD, EV 95.0 MPH)
Manny Munoz to third
Batting: RHB Danny Lee 0-0: Foul Ball, location: 2F
0-1: Ball
1-1: Fly out, F8 (Line Drive, 8LD, EV 85.0 MPH)
Runner from 3rd tags up, SCORES, no throw by CF
Batting: LHB Mike Norris 0-0: Called Strike
0-1: Called Strike
0-2: DOUBLE (Line Drive, 7LD, EV 102.5 MPH)
Julio Trujillo scores
Batting: RHB Enrique Castro 0-0: Swinging Strike
0-1: Called Strike
0-2: Ball
1-2: Foul Ball, location: 2F
1-2: Foul Ball, location: 2F
1-2: Ball
2-2: Single, Error in OF, E8, batter to second base (Groundball, 6MD, EV 110.6 MPH)
Mike Norris scores
Batting: RHB Sean Stewart 0-0: Ball
1-0: Called Strike
1-1: Ball
2-1: TRIPLE (Flyball, 89XD, EV 95.6 MPH)
Enrique Castro scores
Pitching: RHP Joseph Broderick
Batting: SHB Bobby Ozuna 0-0: Called Strike
0-1: Called Strike
0-2: Foul Ball, location: 2F
0-2: Fly out, F7 (Flyball, 7D, EV 95.0 MPH)
Top of the 3rd over - 4 runs, 5 hits, 1 error, 1 left on base; Sioux Falls 7 - Winnipeg 0
BOTTOM OF THE 3RD
Winnipeg Goldeyes batting - Pitching for Sioux Falls Canaries : RHP Alex Boshers
Batting: RHB T.J. Holtman 0-0: Swinging Strike
0-1: Foul Ball, location: 2F
0-2: Foul Ball, location: 2F
0-2: Foul Ball, location: 2F
0-2: Strikes out looking
Batting: LHB Matthew Mealor 0-0: Foul Ball, location: 2F
0-1: Foul Ball, location: 2F
0-2: Ball
1-2: Foul Ball, location: 2F
1-2: Fly out, F8 (Flyball, 78S, EV 85.0 MPH)
Batting: RHB Deane Moore 0-0: Swinging Strike
0-1: Called Strike
0-2: Ball
1-2: SINGLE (Groundball, 6D, EV 102.5 MPH)
Batting: RHB Alfonso de la Rosa 0-0: Fly out, F6 (Line Drive, 6, EV 64.4 MPH)
Bottom of the 3rd over - 0 runs, 1 hit, 0 errors, 1 left on base; Sioux Falls 7 - Winnipeg 0
TOP OF THE 4TH
Sioux Falls Canaries batting - Pitching for Winnipeg Goldeyes : RHP Joseph Broderick
Batting: RHB Chris Parker 0-0: Ball
1-0: Ball
2-0: DOUBLE (Line Drive, 7LS, EV 93.1 MPH)
Batting: RHB Antonio Santiago 0-0: Foul Ball, location: 2F
0-1: Fly out, F9 (Line Drive, 9D, EV 91.9 MPH)
Runner from 2nd tags up, SAFE at 3rd, no throw by RF
Batting: LHB Manny Munoz 0-0: Ball
1-0: 2-RUN HOME RUN (Flyball, 9D, EV 99.4 MPH), Distance : 380 ft
Batting: LHB Julio Trujillo 0-0: Foul Ball, location: 2F
0-1: Ground out 4-3 (Groundball, 4, EV 104.4 MPH)
Batting: RHB Danny Lee 0-0: Swinging Strike
0-1: Foul Ball, location: 2F
0-2: Strikes out swinging
Top of the 4th over - 2 runs, 2 hits, 0 errors, 0 left on base; Sioux Falls 9 - Winnipeg 0
BOTTOM OF THE 4TH
Winnipeg Goldeyes batting - Pitching for Sioux Falls Canaries : RHP Alex Boshers
Batting: LHB David Ortega 0-0: Swinging Strike
0-1: Foul Ball, location: 2F
0-2: Strikes out swinging
Batting: RHB Gene Gorham 0-0: Ball
1-0: Ball
2-0: Fly out, F9 (Flyball, 9LM, EV 93.8 MPH)
Batting: LHB Josh Rush 0-0: Foul Ball, location: 2F
0-1: Ball
1-1: Ball
2-1: Fly out, F9 (Line Drive, 9, EV 83.8 MPH)
Bottom of the 4th over - 0 runs, 0 hits, 0 errors, 0 left on base; Sioux Falls 9 - Winnipeg 0
TOP OF THE 5TH
Sioux Falls Canaries batting - Pitching for Winnipeg Goldeyes : RHP Joseph Broderick
Batting: LHB Mike Norris 0-0: Ball
1-0: Foul Ball, location: 2F
1-1: Ball
2-1: Ball
3-1: DOUBLE (Flyball, 78XD, EV 111.9 MPH)
Batting: RHB Enrique Castro 0-0: Called Strike
0-1: Ground out 5-3 (Groundball, 56S, EV 71.2 MPH)
Mike Norris to third
Batting: RHB Sean Stewart 0-0: Ball
1-0: Called Strike
1-1: Ball
2-1: Ball
3-1: Called Strike
3-2: Foul Ball, location: 2F
3-2: Foul Ball, location: 2F
3-2: Foul Ball, location: 2F
3-2: Foul Ball, location: 2F
3-2: Fly out, F8 (Flyball, 8RM, EV 74.4 MPH)
Batting: SHB Bobby Ozuna 0-0: Ball
1-0: Ball
2-0: Ball
3-0: Base on Balls
Batting: RHB Chris Parker 0-0: SINGLE (Line Drive, 56, EV 95.0 MPH)
Mike Norris scores
Bobby Ozuna to second
Batting: RHB Antonio Santiago 0-0: Ball
1-0: Called Strike
1-1: Ball
2-1: 3-RUN HOME RUN (Flyball, 7D, EV 108.1 MPH), Distance : 409 ft
Pitching: RHP Nate Antone
Batting: LHB Manny Munoz 0-0: Ball
1-0: Foul Ball, location: 2F
1-1: Ball
2-1: Ball
3-1: SINGLE (Line Drive, 89S, EV 101.9 MPH)
Batting: LHB Julio Trujillo 0-0: Ball
1-0: Called Strike
1-1: Swinging Strike
1-2: Strikes out swinging
Top of the 5th over - 4 runs, 4 hits, 0 errors, 1 left on base; Sioux Falls 13 - Winnipeg 0
BOTTOM OF THE 5TH
Winnipeg Goldeyes batting - Pitching for Sioux Falls Canaries : RHP Alex Boshers
Batting: RHB Andy Wardle 0-0: Called Strike
0-1: SOLO HOME RUN (Flyball, 7D, EV 89.4 MPH), Distance : 388 ft
Batting: SHB Norman Moffatt 0-0: Fly out, F8 (Flyball, 78D, EV 98.8 MPH)
Batting: RHB T.J. Holtman 0-0: Ball
1-0: Called Strike
1-1: Foul Ball, location: 2F
1-2: Ball
2-2: Fly out, F7 (Line Drive, 7, EV 89.4 MPH)
Batting: LHB Matthew Mealor 0-0: Ball
1-0: Swinging Strike
1-1: Foul Ball, location: 2F
1-2: Fly out, F7 (Flyball, 7, EV 76.2 MPH)
Bottom of the 5th over - 1 run, 1 hit, 0 errors, 0 left on base; Sioux Falls 13 - Winnipeg 1
TOP OF THE 6TH
Sioux Falls Canaries batting - Pitching for Winnipeg Goldeyes : RHP Nate Antone
Batting: RHB Danny Lee 0-0: Called Strike
0-1: Ball
1-1: Ball
2-1: Foul Ball, location: 2F
2-2: Ball
3-2: Strikes out swinging
Batting: LHB Mike Norris 0-0: Ground out 6-3 (Groundball, 6, EV 95.6 MPH)
Batting: RHB Enrique Castro 0-0: Called Strike
0-1: Ball
1-1: Called Strike
1-2: Foul Ball, location: 2F
1-2: Foul Ball, location: 2F
1-2: Fly out, F8 (Flyball, 8LXD, EV 103.1 MPH)
Top of the 6th over - 0 runs, 0 hits, 0 errors, 0 left on base; Sioux Falls 13 - Winnipeg 1
BOTTOM OF THE 6TH
Winnipeg Goldeyes batting - Pitching for Sioux Falls Canaries : RHP Alex Boshers
Batting: RHB Deane Moore 0-0: Ball
1-0: SINGLE (Line Drive, 8LS, EV 104.4 MPH)
Batting: RHB Alfonso de la Rosa 0-0: Fielders Choice at 2nd, 1-6 (Groundball, 13S, EV 53.8 MPH)
Batting: LHB David Ortega 0-0: Ball
1-0: Ball
2-0: Foul Ball, location: 2F
2-1: Foul Ball, location: 2F
2-2: Strikes out swinging
Batting: RHB Gene Gorham 0-0: Swinging Strike
0-1: Swinging Strike
0-2: Ball
1-2: Strikes out looking
Bottom of the 6th over - 0 runs, 1 hit, 0 errors, 1 left on base; Sioux Falls 13 - Winnipeg 1
TOP OF THE 7TH
Sioux Falls Canaries batting - Pitching for Winnipeg Goldeyes : RHP Nate Antone
Batting: RHB Sean Stewart 0-0: SINGLE (Line Drive, 56D, EV 108.1 MPH)
Batting: SHB Bobby Ozuna 0-0: Called Strike
0-1: Foul Ball, location: 2F
0-2: Strikes out swinging
Batting: RHB Chris Parker 0-0: Called Strike
0-1: Ball
1-1: SINGLE (Flyball, 34D, EV 94.4 MPH)
Sean Stewart to second
Pitching: RHP Brandon Cumpton
Batting: RHB Antonio Santiago 0-0: Ball
1-0: Ball
2-0: Called Strike
2-1: Ball
3-1: Hit by Pitch
Sean Stewart to third
Chris Parker to second
Batting: LHB Manny Munoz 0-0: Ball
1-0: Called Strike
1-1: Called Strike
1-2: Strikes out swinging
Batting: LHB Julio Trujillo 0-0: Called Strike
0-1: Ball
Wild Pitch!
Sean Stewart scores
Chris Parker to third
Antonio Santiago to second
1-1: Ball
2-1: Ball
3-1: Ground out 6-3 (Groundball, 6, EV 84.4 MPH)
Top of the 7th over - 1 run, 2 hits, 0 errors, 2 left on base; Sioux Falls 14 - Winnipeg 1
BOTTOM OF THE 7TH
Winnipeg Goldeyes batting - Pitching for Sioux Falls Canaries : RHP Alex Boshers
Batting: LHB Josh Rush 0-0: Foul Ball, location: 2F
0-1: Ball
1-1: Fly out, F6 (Flyball, 6D, EV 93.1 MPH)
Batting: RHB Andy Wardle 0-0: Called Strike
0-1: Ball
1-1: Ball
2-1: Foul Ball, location: 2F
2-2: Strikes out looking
Batting: SHB Norman Moffatt 0-0: Ball
1-0: Fly out, F7 (Flyball, 78S, EV 83.1 MPH)
Bottom of the 7th over - 0 runs, 0 hits, 0 errors, 0 left on base; Sioux Falls 14 - Winnipeg 1
TOP OF THE 8TH
Sioux Falls Canaries batting - Pitching for Winnipeg Goldeyes : RHP Brandon Cumpton
Batting: RHB Danny Lee 0-0: Fly out, F9 (Flyball, 89M, EV 66.9 MPH)
Batting: LHB Mike Norris 0-0: Called Strike
0-1: SINGLE (Groundball, 6MD, EV 96.2 MPH)
Batting: RHB Enrique Castro 0-0: Swinging Strike
0-1: Ball
1-1: Foul Ball, location: 2F
1-2: Foul Ball, location: 2F
1-2: DOUBLE (Line Drive, 5D, EV 98.8 MPH)
Mike Norris to third
Batting: RHB Sean Stewart 0-0: Foul Ball, location: 2F
0-1: Ball
1-1: Foul Ball, location: 2F
1-2: Foul Ball, location: 2F
1-2: Ground out 6-3 (Groundball, 56, EV 85.6 MPH)
Mike Norris scores
Batting: SHB Bobby Ozuna 0-0: Ball
1-0: SINGLE (Line Drive, 78M, EV 109.4 MPH)
Enrique Castro to third
Batting: RHB Chris Parker 0-0: Ball
1-0: Foul Ball, location: 2F
1-1: Fly out, F4 (Line Drive, 4, EV 71.9 MPH)
Top of the 8th over - 1 run, 3 hits, 0 errors, 2 left on base; Sioux Falls 15 - Winnipeg 1
BOTTOM OF THE 8TH
Winnipeg Goldeyes batting - Pitching for Sioux Falls Canaries : RHP Alex Boshers
Pitching: LHP Felipe Falcon
Batting: RHB T.J. Holtman 0-0: SINGLE (Line Drive, 7S, EV 95.6 MPH)
Batting: LHB Matthew Mealor 0-0: Ball
1-0: Foul Ball, location: 2F
1-1: Foul Ball, location: 2F
1-2: Grounds into double play, 3-6-1 (Groundball, 3, EV 93.1 MPH)
Batting: RHB Deane Moore 0-0: Called Strike
0-1: Ground out 4-3 (Groundball, 4, EV 104.4 MPH)
Bottom of the 8th over - 0 runs, 1 hit, 0 errors, 0 left on base; Sioux Falls 15 - Winnipeg 1
TOP OF THE 9TH
Sioux Falls Canaries batting - Pitching for Winnipeg Goldeyes : RHP Brandon Cumpton
Batting: RHB Antonio Santiago 0-0: Ball
1-0: Ball
2-0: Foul Ball, location: 2F
2-1: Foul Ball, location: 2F
2-2: Foul Ball, location: 2F
2-2: Ball
3-2: Base on Balls
Batting: LHB Manny Munoz 0-0: Ball
1-0: Ball
2-0: Swinging Strike
2-1: Swinging Strike
2-2: SINGLE (Line Drive, 4MD, EV 99.4 MPH)
Antonio Santiago to second
Batting: LHB Julio Trujillo 0-0: Called Strike
0-1: Ball
1-1: Ball
2-1: Foul Ball, location: 2F
2-2: Fly out, F8 (Flyball, 8LS, EV 83.8 MPH)
Pitching: LHP Jose Jose
Batting: RHB Danny Lee 0-0: Swinging Strike
0-1: Ball
1-1: Ball
2-1: Foul Ball, location: 2F
2-2: Foul Ball, location: 2F
2-2: Strikes out swinging
Batting: LHB Mike Norris 0-0: Called Strike
0-1: Fly out, F5 (Popup, 5S, EV 80.0 MPH)
Top of the 9th over - 0 runs, 1 hit, 0 errors, 2 left on base; Sioux Falls 15 - Winnipeg 1
BOTTOM OF THE 9TH
Winnipeg Goldeyes batting - Pitching for Sioux Falls Canaries : LHP Felipe Falcon
Batting: RHB Alfonso de la Rosa 0-0: SINGLE (Line Drive, 3D, EV 98.1 MPH)
Batting: LHB David Ortega 0-0: Hit by Pitch
Alfonso de la Rosa to second
Batting: RHB Gene Gorham 0-0: Foul Ball, location: 2F
0-1: Called Strike
0-2: Ball
1-2: Foul Ball, location: 2F
1-2: Ball
2-2: Ball
3-2: Foul Ball, location: 2F
3-2: Foul Ball, location: 2F
3-2: Grounds into double play, 4-6-3 (Groundball, 4, EV 104.4 MPH)
Alfonso de la Rosa to third
Batting: LHB Josh Rush 0-0: Foul Ball, location: 2F
0-1: Ball
1-1: Ball
2-1: Foul Ball, location: 2F
2-2: Ball
3-2: Base on Balls
Batting: RHB Andy Wardle 0-0: Ball
1-0: Called Strike
1-1: Fly out, F4 (Popup, 4S, EV 81.9 MPH)
Bottom of the 9th over - 0 runs, 1 hit, 0 errors, 2 left on base; Sioux Falls 15 - Winnipeg 1
Wednesday, October 27th , 2021 - OOTP Baseball 22.10 Build 79